 Dungeon Crawl Stone Soup version 0.31-a0-182-gc5ef74bbde (webtiles) character file.

Game seed: 10145119064350135529

625 Moral the Shooter (level 7, -2/54 HPs)
             Began as a Human Hunter on June 21, 2023.
             Was an Initiate of Dithmenos.
             Slain by Pikel
             ... wielding a +1 whip of freezing
              (8 damage)
             ... on level 4 of the Dungeon.
             The game lasted 00:13:26 (3355 turns).

Moral the Shooter (Human Hunter)                    Turns: 3355, Time: 00:13:27

Health: -2/54      AC:  8    Str: 17    XL:     7   Next: 76%
Magic:  2/2        EV: 13    Int:  9    God:    Dithmenos [......]
Gold:   204        SH:  0    Dex: 18    Spells: 6/6 levels left

rFire   + . .        b - +9 spear of Poverty {antimagic, *Noise +Blink Fly Str+5}
rCold   + + .        (no shield)
rNeg    . . .        m - +4 leather armour "Keiwk" {rF+ rC++}
rPois   .            (no helmet)
rElec   .            q - +0 cloak
rCorr   .            (no gloves)
SInv    .            (no boots)
Will    .....        (no amulet)
Stlth   +++          (no ring)
HPRegen 0.29/turn    (no ring)
MPRegen 0.08/turn

%: no passive effects
@: flying
A: no striking features
a: Renounce Religion, Evoke Blink


You were on level 4 of the Dungeon.
You worshipped Dithmenos.
Dithmenos was noncommittal.
You visited 1 branch of the dungeon, and saw 4 of its levels.

You collected 204 gold pieces.

Inventory:

Hand Weapons
 a - a +0 shortbow
 b - the +9 spear of Poverty (weapon) {antimagic, *Noise +Blink Fly Str+5}
   (You found it on level 2 of the Dungeon)

   Str:       It affects your strength (+5).
   Fly:       It grants you flight.
   +Blink:    It lets you blink.
   *Noise:    It may make noises in combat.
Armour
 m - the +4 leather armour "Keiwk" (worn) {rF+ rC++}
   (You found it on level 3 of the Dungeon)

   rF:        It protects you from fire.
   rC:        It greatly protects you from cold.
 q - a +0 cloak (worn)
Scrolls
 e - a scroll of fear {unknown}
 i - a scroll of enchant armour {unknown}
 k - 2 scrolls of noise {unknown}
 l - 2 scrolls of teleportation {unknown}
 n - a scroll of poison {unknown}
 o - a scroll of identify {unknown}
 p - a scroll of fog {unknown}
Potions
 c - a potion of lignification {unknown}
 d - a potion of resistance {unknown}
 f - a potion of might {unknown}
 g - a potion of invisibility {unknown}
 h - 2 potions of degeneration {unknown}
 j - 3 potions of magic {unknown}
 r - a potion of haste {unknown}
 s - a potion of attraction {unknown}


   Skills:
 + Level 4.1 Fighting
 + Level 2.3 Polearms
 + Level 5.4 Ranged Weapons
 + Level 4.1 Dodging
 + Level 3.9 Stealth


You had 6 spell levels left.
You didn't know any spells.
Your spell library contained the following spells:

 Spells                   Type           Power      Damage    Failure   Level
 Sting                    Tmut/Pois      0%         1d3       45%         1
 Summon Small Mammal      Summ           0%         N/A       45%         1
 Poisonous Vapours        Pois/Air       0%         N/A       58%         2
 Call Canine Familiar     Summ           0%         N/A       83%         3
 Summon Guardian Golem    Hex/Summ       0%         N/A       83%         3
 Olgreb's Toxic Radiance  Pois           0%         N/A       99%         4


Dungeon Overview and Level Annotations

Branches:
Dungeon (4/15)
 Temple: D:4-7

Altars:
Cheibriados
Dithmenos
Fedhas
Makhleb
Nemelex Xobeh
Okawaru
Ru
Wu Jian
Zin

Annotations:
D:4 1 runed translucent door, Crazy Yiuf, Pikel


Message History

You puncture Pikel!
Pikel is almost dead.
Pikel hits you with a +1 whip of freezing.
You miss Pikel.
Pikel is almost dead.
Pikel barely misses you.
You barely miss Pikel.
You hear distant weeping.
Pikel is almost dead.
Pikel hits you with a +1 whip of freezing!
Pikel freezes you.
You hit Pikel.
Pikel is almost dead.
Pikel says, "It's all about the gold, really."
Pikel hits you but does no damage.
You hit Pikel but do no damage.
Pikel is almost dead.
Pikel completely misses you.
You closely miss Pikel.
Pikel is almost dead.
Pikel closely misses you.
You hit Pikel.
Pikel is almost dead.
Pikel hits you but does no damage.
You barely miss Pikel.
Pikel is almost dead.
Pikel says, "Antaeus said I was his favorite kobold.
Me!"
Pikel hits you with a +1 whip of freezing!
* * * LOW HITPOINT WARNING * * *
Pikel freezes you.
* * * LOW HITPOINT WARNING * * *
You miss Pikel.
Your spear of Poverty says, "I'm bored."
Pikel is almost dead.
Pikel hits you with a +1 whip of freezing.
* * * LOW HITPOINT WARNING * * *
You hit Pikel but do no damage.
Pikel is almost dead.
Pikel hits you with a +1 whip of freezing!
You die...

....##.#####.# #.5.####.#
#............# #.....5..#
####.#.##.### #...######
#.#..#.# #.K.# ####.##.#.#
#...####### [....##.#.#
#.........## .##.......#
##.......#.. ........###
######5..####.#.# ###.#####
#..@K555.###....# ###.#
#)######.##.....# ....#
###.#####...##..#.# #####
######.....##.....##...####
#
#......#.#.#.......#.#..>..
##
##..†..#.#....._.....####.#
.#
##......###.......#......#
.#
##...######.....#######.#
## ##..####.##...## #...#


You could see Pikel and 4 lemures.

Vanquished Creatures
  Duvessa (D:4)
  A phantom (D:4)
  A scorpion (D:4)
  3 wights (D:4)
  Dowan (D:4)
  A hound (D:3)
  Robin (D:3)
  5 gnolls
  An adder (D:3)
  2 worms
  A dart slug (D:2)
  4 orcs (D:4)
  9 bats
  8 endoplasms
  A giant cockroach (D:2)
  11 goblins
  7 hobgoblins
  8 jackals
  3 quokkas
  7 ball pythons
  2 frilled lizards
  6 kobolds
  4 rats
88 creatures vanquished.

Notes
Turn   | Place    | Note
-------+----------+-------------------------------------------
     0 | D:1      | Moral the Human Hunter began the quest for the Orb.
     0 | D:1      | Reached XP level 1. HP: 16/16 MP: 1/1
   116 | D:1      | Reached XP level 2. HP: 22/22 MP: 2/2
   189 | D:1      | Reached XP level 3. HP: 28/28 MP: 3/3
   364 | D:1      | Found a faded altar of an unknown god.
   746 | D:2      | You fall into a shaft and drop 1 floor!
   780 | D:3      | Identified the +4 leather armour "Keiwk" {rF+ rC++}
   839 | D:3      | Reached XP level 4. HP: 31/34 MP: 4/4
  1005 | D:3      | Reached XP level 5. HP: 40/40 MP: 5/5
  1005 | D:3      | Found a blossoming altar of Fedhas.
  1385 | D:2      | Identified the +9 spear of Poverty {antimagic, *Noise
                  | +Blink Fly Str+5}
  1736 | D:3      | Noticed Robin
  1742 | D:3      | Killed Robin
  1869 | D:3      | Found a sparkling altar of Nemelex Xobeh.
  1911 | D:3      | Found a glowing silver altar of Zin.
  1912 | D:3      | Found a snail-covered altar of Cheibriados.
  1912 | D:3      | Found an ornate altar of the Wu Jian Council.
  1913 | D:3      | Found a sacrificial altar of Ru.
  1918 | D:3      | Found a burning altar of Makhleb.
  1921 | D:3      | Found a shadowy altar of Dithmenos.
  2054 | D:3      | Became a worshipper of Dithmenos the Shadowed
  2669 | D:4      | Reached XP level 6. HP: 47/47 MP: 2/6
  2700 | D:4      | Found a runed translucent door.
  2701 | D:4      | Noticed Crazy Yiuf
  2760 | D:4      | Noticed Duvessa
  2761 | D:4      | Noticed Dowan
  2775 | D:4      | Killed Duvessa
  2776 | D:4      | Reached skill level 1 in Polearms
  2776 | D:4      | Reached skill level 5 in Ranged Weapons
  2782 | D:4      | Killed Dowan
  2783 | D:4      | Reached XP level 7. HP: 22/53 MP: 2/7
  3202 | D:4      | Found an iron altar of Okawaru.
  3318 | D:4      | Noticed Pikel
  3355 | D:4      | Slain by Pikel

Illustrated notes

Levels and vault maps discovered:
D:1:      wander_arrival_lonely_grave, layout_rooms,
          hellmonk_ecumenical_altar_lost_god, minmay_pentomino_w2
D:2:      layout_rooms
D:3:      layout_loops_corners, fedhas_altar_2, minitemple, st_stairs_12,
          grunt_ministairs_1, uniq_robin
D:4:      layout_loops_cross, lemuel_round_altar, wad_orctagon,
          uniq_crazy_yiuf_cottage, uniq_duvessa, uniq_natasha, uniq_pikel,
          uniq_menkaure

Skill      XL: |  1  2  3  4  5  6  7 |
---------------+----------------------+-----
Stealth        | 2 3 |  3.9
Fighting       | 3 4 |  4.1
Dodging        | 3 4 |  4.1
Polearms       | 1 2 |  2.3
Ranged Weapons | 5 |  5.4

Action                     |  1- 3 |  4- 6 |  7- 9 || total
---------------------------+-------+-------+-------++-------
  Melee: Spear             |       |    32 |    47 ||    79
         Punch             |       |       |     1 ||     1
   Fire: Shortbow          |    99 |   107 |    18 ||   224
    Use: Scroll            |       |     1 |       ||     1
 Armour: Leather armour    |    13 |    35 |     6 ||    54
  Dodge: Dodged            |    16 |    59 |    16 ||    91

Table legend: (Time is in decaauts)
 A = Elapsed time spent in this place.
 B = Non-inter-level travel time spent in this place.
 C = Inter-level travel time spent in this place.
 D = Time resting spent in this place.
 E = Time spent auto-exploring this place.
 F = Levels seen in this place.
 G = Mean time per level.
                   A        B        C        D        E       F      G
               +--------+--------+--------+--------+--------+-----+--------+
         Total |   3397 |   3333 |     64 |    586 |   2072 |   4 |  849.2 |
       Dungeon |   3397 |   3333 |     64 |    586 |   2072 |   4 |  849.2 |
               +--------+--------+--------+--------+--------+-----+--------+

Top non-repeatable levels by time:
     D:3: 1267 daAuts
     D:2: 860 daAuts
     D:4: 694 daAuts
     D:1: 575 daAuts
